 Dungeon Crawl Stone Soup version 0.23-a0-393-g6e9e0f2 (webtiles) character file.

7662 Azzok the Covert (level 11, -6/81 HPs)
             Began as a Gnoll Enchanter on Oct 31, 2018.
             Mangled by a shadow wraith (22 damage)
             ... on level 2 of the Abyss.
             The game lasted 00:18:48 (11027 turns).

Azzok the Covert (Gnoll Enchanter)                 Turns: 11027, Time: 00:18:49

Health: -6/81      AC:  5    Str: 15    XL:     11   Next: 18%
Magic:  21/22      EV: 17    Int: 20    God:
Gold:   515        SH:  0    Dex: 17    Spells: 16/25 levels left

rFire    . . .     SeeInvis .   h - +2 dagger (elec)
rCold    . . .     Gourm    .   (no shield)
rNeg     . . .     Faith    .   b - +0 robe
rPois    .         Spirit   .   a - +0 helmet
rElec    .         Reflect  .   (no cloak)
rCorr    .         Harm     .   r - +0 pair of gloves
MR       .....                  (no boots)
Stlth    ++++......             (no amulet)
HPRegen  0.23/turn              (no ring)
MPRegen  0.18/turn              n - +5 ring of strength

@: about to teleport, slowed, studying Long Blades, very slow
A: distributed training, fangs 1, strong nose
a: no special abilities


You were on level 2 of the Abyss.
You were not hungry.

You visited 2 branches of the dungeon, and saw 11 of its levels.
You visited the Abyss 1 time.

You collected 515 gold pieces.

Inventory:

Hand Weapons
 h - a +2 dagger of electrocution (weapon)
 B - a +2 dagger of speed
Armour
 a - a +0 helmet (worn)
 b - a +0 robe (worn)
 r - a +0 pair of gloves (worn)
Jewellery
 i - an uncursed ring of protection from fire
 n - a +5 ring of strength (right hand)
Wands
 m - a wand of acid (12)
 A - a wand of disintegration (17)
 C - a wand of random effects (11)
 D - a wand of paralysis (6)
Scrolls
 c - 2 scrolls of amnesia
 e - 2 scrolls of teleportation
 f - 2 scrolls of enchant weapon
 j - a scroll of random uselessness {unknown}
 q - 5 scrolls of remove curse
 t - 5 scrolls of magic mapping {unknown}
 v - 2 scrolls of immolation {unknown}
 x - a scroll of fog {unknown}
 E - a scroll of identify
Potions
 g - a potion of berserk rage {unknown}
 k - 7 potions of curing
 l - 3 potions of agility {unknown}
 o - a potion of heal wounds {unknown}
 p - 3 potions of ambrosia
 s - 2 potions of magic {unknown}
 u - 3 potions of brilliance {unknown}
 w - a potion of might {unknown}
 z - a potion of flight {unknown}
Books
 y - a manual of Long Blades
Comestibles
 d - 20 rations


   Skills:
 + Level 5.9 Fighting
 + Level 6.5 Short Blades
 + Level 7.3 Long Blades
 + Level 5.9 Axes
 + Level 5.9 Maces & Flails
 + Level 5.9 Polearms
 + Level 5.9 Staves
 + Level 5.9 Slings
 + Level 5.9 Bows
 + Level 5.9 Crossbows
 + Level 5.9 Throwing
 + Level 5.9 Armour
 + Level 7.6 Dodging
 + Level 8.5 Stealth
 + Level 5.9 Shields
 + Level 5.9 Unarmed Combat
 + Level 7.8 Spellcasting
 + Level 4.9 Conjurations
 + Level 7.4 Hexes
 + Level 4.9 Charms
 + Level 4.9 Summonings
 + Level 4.9 Necromancy
 + Level 4.9 Translocations
 + Level 4.9 Transmutations
 + Level 4.9 Fire Magic
 + Level 4.9 Ice Magic
 + Level 4.9 Air Magic
 + Level 4.9 Earth Magic
 + Level 4.9 Poison Magic
 + Level 6.5 Invocations
 + Level 5.9 Evocations


You had 16 spell levels left.
You knew the following spells:

 Your Spells              Type           Power        Failure   Level  Hunger
a - Corona                Hex            #####..      1%          1    None
b - Ensorcelled Hibernat  Hex/Ice        ####..       1%          2    None
c - Confuse               Hex            #####...     1%          3    None
d - Dazzling Spray        Conj/Hex       ####..       1%          3    None

Your spell library contained the following spells:

 Spells                   Type           Power        Failure   Level  Hunger
 Tukima's Dance           Hex            #####...     1%          3    None


Dungeon Overview and Level Annotations

Branches:
Dungeon (10/15)            Temple (1/1) D:5            Lair (0/6) D:8
    Orc: D:9-12

Altars:
Ashenzari
Cheibriados
Dithmenos
Elyvilon
Fedhas
Gozag
Hepliaklqana
Kikubaaqudgha
Makhleb
Nemelex Xobeh
Okawaru
Qazlal
Ru
Sif Muna
Trog
Uskayaw
Vehumet
Wu Jian
Xom
Yredelemnul
Zin
The Shining One

Shops:
D:7 *   D:9 *   D:10 :

Annotations:
D:10 Erolcha


Innate Abilities, Weirdness & Mutations

Your experience applies equally to all skills.
You have very sharp teeth.
Your uncanny sense of smell can sniff out nearby items.


Message History

Okay, then.
You eat one of the 21 rations.
That ration really hit the spot!
A balrug comes into view. It is wielding a +0 demon whip of pain.
As you read the scroll of teleportation, it crumbles to dust.
You feel strangely unstable.
You feel the power of the Abyss delaying your translocation!
Something hits you! Something drains your vigour!
You feel yourself slow down.
Deactivating autopickup; reactivate with Ctrl-A.
Casting: Confuse (safe; 1% risk of failure)
Confirm with . or Enter, or press ? or * to list all spells.
Aiming: Corona (safe; 1% risk of failure)
Press: ? - help, Shift-Dir - straight line Nothing appears to happen.
The balrug gestures at you. Something smites you! Something hits you!!
* * * LOW HITPOINT WARNING * * *
Something drains your vigour!
You feel as though you will be slow longer.
Something hits you!!
You die...

▒ ·▒ ·▒ ·· · ▒▒▒▒·
▒2 ▒▒▒▒··· ·· ▒
▒▒▒▒·····▒ ·▒ ·▒▒
▒▒▒▒····▒▒▒@▒▒··▒▒·▒
·· ▒▒▒
·················· ·
··▒▒▒▒··▒▒▒·····▒▒▒·
▒▒··▒▒▒▒
▒··▒≈≈≈≈≈≈≈≈≈▒ ▒·▒ ▒
·▒≈▒·····▒≈▒ ·▒
▒·▒·≈·······≈·· ▒
▒···≈·······≈·· ▒ ▒
▒▒··≈·······≈·· ·▒
▒··≈·······≈··


There were no monsters in sight!

Vanquished Creatures
  Harold (D:8)
  A two-headed ogre (D:6)
  The ghost of Ratty the Prestidigitator, a novice DDAr of Trog (D:6)
  A worldbinder (Abyss:2)
  Maurice (D:8)
  Joseph (D:7)
  Psyche (D:8)
  Grinder (D:3)
  Prince Ribbit (D:8)
  A hippogriff (D:9)
  A small abomination (Abyss:2)
  A spriggan (D:8)
  Grum (D:9)
  A water moccasin (D:8)
  2 ice beasts
  2 orc warriors
  A black bear (D:9)
  2 phantoms
  5 ogres
  4 wolves (D:9)
  A centaur (D:8)
  A big kobold (D:8)
  7 bullfrogs
  A water moccasin zombie (D:7)
  A wyvern skeleton (D:9)
  A scorpion (D:9)
  5 wights (D:6)
  2 howler monkeys
  3 crimson imps
  A quasit (D:8)
  2 hounds
  A jelly (D:9)
  A bullfrog skeleton (D:5)
  A centaur skeleton (D:5)
  5 orc priests
  6 orc wizards
  5 worker ants
  An iguana (D:4)
  A hound skeleton (D:6)
  A howler monkey zombie (D:7)
  A worker ant zombie (D:5)
  6 adders
  6 gnolls
  2 adder zombies
  A worm (D:6)
  5 leopard geckos
  41 orcs
  2 ball pythons (D:1)
  3 bats (D:2)
  7 giant cockroaches
  6 goblins
  13 hobgoblins
  11 jackals
  3 quokkas
  4 frilled lizards
  A jackal skeleton (D:5)
  14 kobolds
  3 quokka skeletons
  5 rats
211 creatures vanquished.

Notes
Turn   | Place    | Note
-------+----------+-------------------------------------------
     0 | D:1      | Azzok the Gnoll Enchanter began the quest for the Orb.
     0 | D:1      | Reached XP level 1. HP: 13/13 MP: 6/6
   266 | D:1      | Reached XP level 2. HP: 19/19 MP: 7/7
   273 | D:1      | Learned a level 2 spell: Ensorcelled Hibernation
  1092 | D:1      | Reached XP level 3. HP: 25/25 MP: 9/9
  1097 | D:1      | Learned a level 3 spell: Confuse
  1101 | D:1      | Learned a level 3 spell: Dazzling Spray
  1248 | D:2      | Reached skill level 5 in Spellcasting
  1346 | D:2      | Reached skill level 6 in Stealth
  1566 | D:2      | Reached skill level 1 in Invocations
  1898 | D:2      | You fall through a shaft!
  1911 | D:3      | Reached skill level 1 in Fighting
  1911 | D:3      | Reached skill level 1 in Long Blades
  1911 | D:3      | Reached skill level 1 in Axes
  1911 | D:3      | Reached skill level 1 in Maces & Flails
  1911 | D:3      | Reached skill level 1 in Polearms
  1911 | D:3      | Reached skill level 1 in Staves
  1911 | D:3      | Reached skill level 1 in Slings
  1911 | D:3      | Reached skill level 1 in Bows
  1911 | D:3      | Reached skill level 1 in Crossbows
  1911 | D:3      | Reached skill level 1 in Throwing
  1911 | D:3      | Reached skill level 1 in Armour
  1911 | D:3      | Reached skill level 1 in Shields
  1911 | D:3      | Reached skill level 1 in Unarmed Combat
  1911 | D:3      | Reached skill level 1 in Evocations
  1911 | D:3      | Reached XP level 4. HP: 32/32 MP: 11/11
  2006 | D:3      | Noticed Grinder
  2029 | D:3      | Killed Grinder
  2029 | D:3      | Reached skill level 1 in Conjurations
  2029 | D:3      | Reached skill level 1 in Charms
  2029 | D:3      | Reached skill level 1 in Summonings
  2029 | D:3      | Reached skill level 1 in Necromancy
  2029 | D:3      | Reached skill level 1 in Translocations
  2029 | D:3      | Reached skill level 1 in Transmutations
  2029 | D:3      | Reached skill level 1 in Fire Magic
  2029 | D:3      | Reached skill level 1 in Ice Magic
  2029 | D:3      | Reached skill level 1 in Air Magic
  2029 | D:3      | Reached skill level 1 in Earth Magic
  2029 | D:3      | Reached skill level 1 in Poison Magic
  2029 | D:3      | Reached XP level 5. HP: 15/38 MP: 8/12
  2029 | D:3      | Reached XP level 6. HP: 17/44 MP: 9/14
  3025 | D:3      | Reached skill level 5 in Dodging
  3527 | D:4      | Reached XP level 7. HP: 50/50 MP: 10/15
  4575 | D:4      | Reached XP level 8. HP: 48/57 MP: 12/16
  4669 | D:5      | Entered Level 5 of the Dungeon
  5463 | D:5      | Found a staircase to the Ecumenical Temple.
  5474 | Temple   | Entered the Ecumenical Temple
  6204 | D:6      | Reached skill level 7 in Stealth
  6649 | D:6      | Noticed a two-headed ogre
  6665 | D:6      | Reached XP level 9. HP: 50/65 MP: 8/18
  6676 | D:6      | Killed a two-headed ogre
  6676 | D:6      | Reached skill level 5 in Short Blades
  7013 | D:6      | Found a large runed door.
  7015 | D:6      | Found a large runed door.
  7161 | D:6      | Noticed Ratty's ghost (novice DDAr)
  7198 | D:6      | Killed Ratty's ghost
  7346 | D:6      | Reached skill level 5 in Invocations
  7737 | D:7      | Reached skill level 5 in Long Blades
  7795 | D:7      | Found Guodi's Assorted Antiques.
  7798 | D:7      | Noticed Joseph
  7818 | D:7      | Killed Joseph
  7818 | D:7      | Reached XP level 10. HP: 47/73 MP: 15/20
  8028 | D:7      | HP: 2/73 [water moccasin zombie (7)]
  8800 | D:8      | Noticed Maurice
  8804 | D:8      | Killed Maurice
  8804 | D:8      | Reached skill level 5 in Fighting
  8804 | D:8      | Reached skill level 5 in Axes
  8804 | D:8      | Reached skill level 5 in Maces & Flails
  8804 | D:8      | Reached skill level 5 in Polearms
  8804 | D:8      | Reached skill level 5 in Staves
  8804 | D:8      | Reached skill level 5 in Slings
  8804 | D:8      | Reached skill level 5 in Bows
  8804 | D:8      | Reached skill level 5 in Crossbows
  8804 | D:8      | Reached skill level 5 in Throwing
  8804 | D:8      | Reached skill level 5 in Armour
  8804 | D:8      | Reached skill level 5 in Shields
  8804 | D:8      | Reached skill level 5 in Unarmed Combat
  8804 | D:8      | Reached skill level 5 in Evocations
  8846 | D:8      | Noticed Prince Ribbit
  8849 | D:8      | Killed Prince Ribbit
  8852 | D:8      | Reached skill level 8 in Stealth
  9025 | D:8      | Noticed Psyche
  9027 | D:8      | Paralysed by Psyche for 2 turns
  9031 | D:8      | Found a staircase to the Lair.
  9033 | D:8      | Killed Psyche
  9582 | D:8      | Noticed Harold
  9602 | D:8      | Killed Harold
  9958 | D:9      | Noticed Grum
  9987 | D:9      | Killed Grum
  9993 | D:9      | Reached XP level 11. HP: 49/81 MP: 9/22
 10328 | D:9      | Found Refregin's Assorted Antiques.
 10787 | D:9      | Found a radiant altar of Vehumet.
 10870 | D:10     | Entered Level 10 of the Dungeon
 10899 | D:10     | Found Nopamp's Book Boutique.
 10902 | D:10     | Noticed Erolcha
 10903 | D:10     | Cast into level 2 of the Abyss (Erolcha)
 10961 | Abyss:2  | Noticed a sixfirhy
 10968 | Abyss:2  | Noticed a thrashing horror
 10968 | Abyss:2  | Noticed a worldbinder
 10978 | Abyss:2  | Killed a worldbinder
 11024 | Abyss:2  | Noticed a balrug
 11027 | Abyss:2  | Mangled by a shadow wraith

Vault maps used:
D:1:      evilmike_arrival_rings
D:3:      first_ration, kennysheep_generic_room_8, uniq_grinder
D:4:      minmay_misc_feat_cross
D:5:      minmay_temple_entry_water_ring
D:6:      ebering_ghost_disaster_area, minmay_manual_moon
D:7:      serial_shops, nicolae_shop_trees, serial_park_tiny_1, minivault_25,
          uniq_joseph
D:8:      lair_entry_dummy, the_bakery, uniq_prince_ribbit1, uniq_maurice,
          uniq_psyche, uniq_harold
D:9:      vehumet_crystals, serial_shops, shop, uniq_grum
D:10:     orc_david_3, serial_shops, nicolae_shop_statue_plus,
          nrook_mini_backslash, uniq_erolcha
Temple:   kilobyte_greek_temple

Skill      XL: |  1  2  3  4  5  6  7  8  9 10 11 |
---------------+----------------------------------+-----
Spellcasting   | 5 6 7 |  7.8
Stealth        | 6 7 8 |  8.5
Invocations    | 1 2 3 4 5 6 |  6.5
Fighting       | 1 2 3 4 5 |  5.9
Long Blades    | 1 2 3 5 6 7 |  7.3
Axes           | 1 2 3 4 5 |  5.9
Maces & Flails | 1 2 3 4 5 |  5.9
Polearms       | 1 2 3 4 5 |  5.9
Staves         | 1 2 3 4 5 |  5.9
Slings         | 1 2 3 4 5 |  5.9
Bows           | 1 2 3 4 5 |  5.9
Crossbows      | 1 2 3 4 5 |  5.9
Throwing       | 1 2 3 4 5 |  5.9
Armour         | 1 2 3 4 5 |  5.9
Shields        | 1 2 3 4 5 |  5.9
Unarmed Combat | 1 2 3 4 5 |  5.9
Evocations     | 1 2 3 4 5 |  5.9
Short Blades   | 3 4 5 6 |  6.5
Conjurations   | 1 2 3 4 |  4.9
Charms         | 1 2 3 4 |  4.9
Summonings     | 1 2 3 4 |  4.9
Necromancy     | 1 2 3 4 |  4.9
Translocations | 1 2 3 4 |  4.9
Transmutations | 1 2 3 4 |  4.9
Fire Magic     | 1 2 3 4 |  4.9
Ice Magic      | 1 2 3 4 |  4.9
Air Magic      | 1 2 3 4 |  4.9
Earth Magic    | 1 2 3 4 |  4.9
Poison Magic   | 1 2 3 4 |  4.9
Dodging        | 5 6 7 |  7.6
Hexes          | 6 7 |  7.4

Action                   |  1- 3 |  4- 6 |  7- 9 | 10-12 || total
-------------------------+-------+-------+-------+-------++-------
Melee: Dagger            |    93 |    69 |   198 |   137 ||   497
       Bite              |     7 |     6 |    15 |    17 ||    45
       Punch             |       |     1 |     2 |     5 ||     8
 Cast: Ensorcelled Hiber |     4 |    19 |    56 |    43 ||   122
       Corona            |     3 |       |     8 |     4 ||    15
       Confuse           |       |     1 |    28 |    19 ||    48
  Use: Scroll            |     5 |       |       |     4 ||     9
 Stab: Sleeping          |    16 |    18 |    44 |    40 ||   118
       Confused          |       |       |     8 |     8 ||    16
  Eat: Chunk             |     3 |     5 |    11 |     8 ||    27
       Ration            |       |       |     1 |     1 ||     2
Armor: Robe              |    12 |     5 |    24 |    17 ||    58
Dodge: Dodged            |    56 |    48 |   119 |   110 ||   333

Table legend:
 A = Non-vault XP
 B = Vault XP
 C = Vault XP percentage of total XP
 D = Non-vault monster count
 E = Vault monster count
 F = Vault count percentage of total count
                 A         B        C        D         E       F
            +---------+---------+-------+---------+---------+-------
      Total |    5510 |    5436 |  49.7 |     194 |      17 |   8.1
            +---------+---------+-------+---------+---------+-------
        D:1 |      37 |       0 |   0.0 |      22 |       0 |   0.0
        D:2 |      32 |       0 |   0.0 |      19 |       0 |   0.0
        D:3 |     111 |     289 |  72.2 |      22 |       2 |   8.3
        D:4 |     841 |       0 |   0.0 |      36 |       0 |   0.0
        D:5 |     464 |       0 |   0.0 |      17 |       0 |   0.0
        D:6 |     816 |    1666 |  67.1 |      21 |       4 |  16.0
        D:7 |     645 |     486 |  43.0 |      20 |       1 |   4.8
        D:8 |    1076 |    2338 |  68.5 |      24 |       5 |  17.2
        D:9 |     742 |     657 |  47.0 |      10 |       5 |  33.3
       D:10 |      13 |       0 |   0.0 |       1 |       0 |   0.0
    Abyss:2 |     733 |       0 |   0.0 |       2 |       0 |   0.0
            +---------+---------+-------+---------+---------+-------
